Map: Ever Dream LE

Players

MeomaikA - Winner!

  • Race: Zerg Zerg
  • League: Grandmaster
  • Spawn Location: 1:00

piglet

  • Race: Terran Terran
  • League: Grandmaster
  • Spawn Location: 7:00

Event: DreamHack SC2 Masters 2020 Fall

VOD

Have the link to the VOD?

Description

Time

  • Played on: Aug. 26, 2020, 7:04 a.m.
  • Length: 8:39

All games in this series

Show
View Real Time Build Order
Export as new Build Order

MeomaikA Zerg - Winner!

Build Orders: Pool First 

Get SALT Encoding   

  12  0:00  Drone  
  13  0:08  Drone  
  14  0:16  Overlord  
  14  0:25  Extractor  
  14  0:26  Drone  
  15  0:34  Drone x2  
  17  0:44  Spawning Pool  
  17  0:49  Drone  
  17  1:08  Hatchery  
  17  1:10  Drone  
  17  1:12  Extractor  
  17  1:15  Drone  
  17  1:31  Queen, Zergling x4  
  21  1:37  Drone  
  22  1:47  Overlord  
  22  2:07  Drone  
  23  2:10  Drone  
  23  2:13  Metabolic Boost  
  24  2:19  Queen  
  24  2:20  Drone x2  
  28  2:30  Drone  
  28  2:31  Drone  
  30  2:44  Drone x2  
  30  2:47  Hatchery  
  30  2:48  Drone  
  33  2:51  Drone  
  33  2:54  Drone  
  33  2:58  Drone x2  
  36  3:11  Overlord  
  36  3:16  Drone, Overlord  
  36  3:17  Overlord  
  36  3:23  Lair  
  35  3:29  Overlord  
  35  3:30  Zergling x6  
  35  3:32  Zergling x2  
  39  3:35  Drone  
  39  3:36  Drone  
  39  3:39  Drone  
  42  3:42  Drone  
  43  3:49  Drone, Extractor  
  43  3:52  Queen  
  43  3:53  Zergling x2  
  46  3:58  Zergling x2  
  46  4:00  Zergling x4  
  46  4:01  Drone x2  
  46  4:02  Drone  
  52  4:05  Drone x2  
  54  4:10  Drone  
  55  4:18  Drone x3  
  55  4:22  Hydralisk Den  
  58  4:24  Drone x2  
  58  4:26  Overlord  
  59  4:32  Drone x2  
  59  4:37  Drone x2  
  59  4:38  Overlord  
  63  4:39  Drone x2  
  63  4:40  Overlord  
  63  4:42  Overlord  
  65  4:47  Overlord  
  65  4:56  Hydralisk x3  
  65  4:57  Grooved Spines  
  71  5:00  Hydralisk  
  71  5:02  Hydralisk  
  71  5:05  Drone  
  71  5:06  Drone x2  
  78  5:07  Hydralisk  
  78  5:10  Zergling x4  
  78  5:11  Zergling x2  
  84  5:14  Drone x3  
  84  5:17  Drone  
  84  5:18  Drone x2, Extractor  
  84  5:19  Extractor, Overseer  
  87  5:23  Overlord  
  87  5:29  Overlord  
  87  5:30  Drone  
  87  5:34  Drone  
  89  5:38  Zergling x2  
  89  5:39  Zergling x8  
  94  5:43  Zergling x4  
  94  5:44  Drone  
  94  5:47  Hydralisk  
  94  5:48  Zergling x2  
  100  5:50  Overseer  
  100  5:54  Zergling x2  
  101  5:57  Zergling x6  
  101  5:58  Zergling x2  
  101  5:59  Hatchery  
  101  6:03  Zergling x2  
  99  6:07  Zergling x4  
  99  6:09  Zergling x4  
  99  6:10  Zergling x2  
  103  6:14  Zergling x4  
  103  6:15  Zergling x4  
  103  6:17  Hydralisk  
  103  6:18  Zergling x2  
  89  6:27  Overseer  
  89  6:28  Spire  
  89  6:29  Drone x2  
  89  6:30  Drone  
  89  6:31  Queen  
  92  6:35  Extractor x2  
  92  6:36  Drone  
  91  6:40  Drone x2  
  93  6:47  Overlord  
  93  6:49  Overlord  
  93  6:53  Overlord  
  93  7:00  Drone x2, Muscular Augments  
  95  7:01  Drone x3  
  95  7:05  Hydralisk x2  
  95  7:06  Hydralisk  
  95  7:07  Drone x2  
  106  7:08  Overlord  
  106  7:10  Overlord  
  106  7:15  Drone x3  
  109  7:17  Extractor, Overlord  
  108  7:33  Drone x3, Extractor  
  110  7:41  Mutalisk  
  110  7:42  Mutalisk x9  
  110  7:43  Zergling x6  
  133  7:46  Mutalisk  
  133  7:50  Mutalisk  
  130  7:53  Hydralisk  
  130  7:54  Drone  
  130  7:55  Drone x2  
  135  7:59  Mutalisk  
  135  8:00  Overlord, Zergling x2  
  135  8:03  Drone  
  135  8:04  Evolution Chamber, Mutalisk  
  135  8:05  Evolution Chamber, Zergling x2  
  140  8:07  Zergling x6  
  140  8:08  Drone x3  
  146  8:18  Drone x3, Hatchery  
  146  8:19  Drone  
  149  8:27  Infestation Pit  
Show
View Real Time Build Order
Export as new Build Order

piglet Terran 

Build Orders: Gas First Reaper Expand, Mech 

Get SALT Encoding   

  12  0:00  SCV  
  13  0:12  SCV  
  14  0:17  Supply Depot  
  14  0:25  SCV  
  15  0:28  Refinery  
  15  0:38  SCV  
  16  0:44  Barracks  
  16  0:51  SCV  
  17  1:03  SCV  
  18  1:15  SCV  
  19  1:31  Reaper  
  19  1:32  Orbital Command  
  20  1:42  Command Center  
  20  1:52  Factory  
  20  1:57  SCV  
  21  2:02  Refinery  
  21  2:06  Barracks Reactor  
  21  2:10  SCV  
  21  2:15  Supply Depot  
  21  2:22  SCV  
  22  2:34  SCV  
  23  2:38  Starport  
  23  2:46  Hellion, SCV  
  23  2:47  Hellion  
  28  2:57  Orbital Command  
  28  3:00  SCV  
  29  3:07  Hellion  
  30  3:12  SCV  
  30  3:16  Starport Tech Lab  
  30  3:18  Barracks Tech Lab  
  31  3:23  SCV  
  31  3:25  SCV  
  33  3:28  Hellion  
  35  3:35  SCV  
  35  3:41  Viking  
  38  3:44  SCV  
  38  3:47  SCV  
  40  3:49  Supply Depot  
  40  3:56  Siege Tank, SCV  
  46  4:03  Supply Depot  
  46  4:06  SCV, Marine  
  46  4:10  SCV, Marine  
  47  4:18  SCV  
  48  4:24  Command Center  
  48  4:25  SCV  
  48  4:29  Refinery x2  
  48  4:30  SCV  
  50  4:37  SCV  
  51  4:41  Armory  
  51  4:42  Armory  
  51  4:44  SCV  
  52  4:49  SCV  
  52  4:51  Supply Depot  
  53  4:56  SCV  
  53  4:58  Factory x2  
  54  5:01  SCV  
  54  5:07  Starport Reactor  
  55  5:08  SCV  
  55  5:14  SCV  
  57  5:20  SCV  
  57  5:21  Supply Depot  
  58  5:26  SCV  
  59  5:29  Terran Vehicle Weapons Level 1  
  59  5:30  Terran Vehicle And Ship Armor Level 1  
  59  5:32  SCV  
  60  5:36  Orbital Command  
  60  5:40  SCV  
  61  5:43  Siege Tank x2  
  61  5:44  SCV  
  68  5:56  SCV  
  69  5:58  SCV  
  69  6:02  Hellion x2  
  69  6:03  SCV  
  70  6:08  SCV  
  70  6:10  SCV  
  68  6:15  Siege Tank, SCV  
  68  6:16  Hellion  
  66  6:20  SCV  
  66  6:23  SCV  
  56  6:28  SCV  
  56  6:32  SCV  
  58  6:35  SCV  
  58  6:37  Siege Tank  
  62  6:40  SCV  
  62  6:45  SCV  
  65  6:47  SCV  
  65  6:49  Hellion, Siege Tank  
  65  6:50  Infernal Pre-Igniter  
  65  6:51  Orbital Command  
  71  6:59  SCV  
  71  7:00  Factory  
  71  7:02  Factory  
  71  7:03  Starport Reactor  
  71  7:05  Hellion  
  73  7:09  SCV  
  73  7:11  Barracks Tech Lab  
  73  7:14  Hellion, Siege Tank, Supply Depot  
  79  7:18  SCV  
  79  7:19  SCV  
  79  7:20  Refinery  
  79  7:21  SCV  
  82  7:24  Siege Tank  
  85  7:31  Hellion, SCV x2  
  85  7:33  SCV  
  85  7:35  Supply Depot  
  85  7:36  Hellion  
  92  7:43  SCV, Refinery  
  92  7:44  Hellion, SCV  
  96  7:46  SCV  
  97  7:51  Hellion x4  
  97  7:55  SCV  
  97  7:56  SCV  
  97  7:58  Siege Tank, SCV  
  101  8:04  Supply Depot  
  101  8:07  Hellion, SCV  
  104  8:16  Hellion  
  109  8:20  Supply Depot  
  109  8:21  SCV x2  
  109  8:23  SCV  
  117  8:30  Supply Depot  

Tags
 
Add a new tag
Caveats
  • Supply blocks, unpowered buildings, or Contaminate may cause inaccurate times.
  • Supply counts are checked every 10 seconds.